[Event "Rohde op 12th"]
[Site "Sautron"]
[Date "2012.10.31"]
[Round "6"]
[White "Oleksienko, Mikhailo"]
[Black "Koziak, Vitali"]
[Result "1-0"]
[ECO "B63"]
[WhiteElo "2539"]
[BlackElo "2503"]
[Annotator "Primel,D"]
[PlyCount "87"]
[EventDate "2012.10.27"]
[EventType "swiss"]
[EventRounds "9"]
[EventCountry "FRA"]
[SourceTitle "EXT 2014"]
[Source "ChessBase"]
[SourceDate "2013.11.20"]
[SourceVersion "1"]
[SourceVersionDate "2013.11.20"]
[SourceQuality "1"]
[TimeControl "40/5400+30:1800+30"]
[WhiteClock "1:30:00"]
[BlackClock "1:30:00"]

1. e4 c5 2. Nf3 Nc6 3. d4 cxd4 4. Nxd4 Nf6 5. Nc3 d6 6. f3 Qb6 {[%emt 0:00:51] Une ligne secondaire} (6... e5) (6... e6)
7. Nb3 (7. Be3 $5 {Maleki,N (2119)-Bernard,C (2336) Syre
Memorial op 30th 2007 (2) 0-1}) 7... e6 8. Bg5 (8. Qe2 ) 8... Be7 9. Qd2 O-O 10. O-O-O Rd8 (10... a6 {
L'alternative}) 11. Kb1 (11. Nb5 Rd7 12. Be3 (12. Qe1)) 11...
a6 12. Be3 Qc7 13. Qf2 Nd7 14. g4 b5 15. g5 Nce5 (15... b4 {
Tarasov,V-Ilivitzki,G RUS Ch 23th Cheliabinsk 1963 1/2}) 16. h4 b4 17. Na4 Rb8 18. Nd2 $146 (18. Nc1 Bb7 $132 {Szabo,Z (2431)
-Romanov,E (2591) Harkany Tenkes Cup 33rd 2009 (2) 0-1}) 18... Bb7 19. b3 d5 $1 20. exd5 Bxd5 21. Rg1 (21. Ne4) 21... Bc6 22. f4 (22. Nb2 ) 22... Bxa4 (22... Ng6 23. h5 Ngf8 24. Nb2 a5 25. g6 $5 hxg6 26. hxg6 Nxg6 27. Bd3 Ngf8 28.
Nbc4 $44) 23. fxe5 Bb5 24. h5 (24. Bxb5 axb5 $132 ) 24... Nxe5 25. g6 $6 (25. Bxb5) 25... hxg6 26. hxg6 Nxg6 27. Bh3 Bh4 (27... Rbc8 28. Rc1 Qc3 $40 ) 28. Qf3 Rbc8 29. Rc1 Bf6 (
29... a5 30. Ne4) (29... Bc6 30. Qe2 Bd5) 30. Rxg6 fxg6 $2 {[%emt 0:00:19] Joué а tempo alors que les Noirs n'étaient pas en
gros zeitnot} (30... Bd3 $8 31. Rxf6 (31. Nc4 Bxg6 $19) 31... Bxc2+ 32. Kb2
Qc3#) 31. Bxe6+ Kf8 32. Ne4 $8 (32. Bxc8 $4 Qe5) 32... Qe5 33. Nxf6 Qxe6 34. Nh7+ Ke8 $4 (34...
Kg8 35. Ng5) 35. Qf8+ Kd7 36. Rd1+ Kc7 37. Qc5+ Qc6 38.
Qa7+ Qb7 39. Rxd8 Rxd8 40. Bb6+ $18 Kc6 41. Qxb7+ Kxb7 42. Bxd8 Kc6 43. Be7 a5 44. Bd8 1-0